 Dungeon Crawl Stone Soup version 0.20-a0-296-gf222164 (webtiles) character file.

88 mopl the Stinger (level 4, -1/33 HPs)
             Began as a Ghoul Venom Mage on Dec 14, 2016.
             Killed from afar by Sigmund (12 damage)
             ... with a puff of flame
             ... on level 2 of the Dungeon.
             The game lasted 00:05:42 (2226 turns).

mopl the Stinger (Ghoul Venom Mage)                 Turns: 2226, Time: 00:05:43

Health: -1/33      AC:  3    Str: 11    XL:     4   Next: 53%
Magic:  0/6        EV: 12    Int: 11    God:
Gold:   113        SH:  0    Dex: 13    Spells: 3/7 levels left

rFire  . . .     SeeInvis .     (no weapon)
rCold  + . .     Gourm    .     o - +0 animal skin
rNeg   + + +     Faith    .     (no shield)
rPois  ∞         Spirit   .     p - +0 helmet
rElec  .         Reflect  .     (no cloak)
rCorr  .         Harm     .     (no gloves)
MR     .....                    (no boots)
Stlth  ++........               (no amulet)
                                (no ring)
                                e - +4 ring of dexterity

@: very slightly contaminated, rotting
A: rotting body, claws 1, carnivore 3, cold resistance 1, negative energy
resistance 3, slow regeneration 1, torment resistance, unbreathing
a: no special abilities


You were on level 2 of the Dungeon.
You were not hungry.

You visited 1 branch of the dungeon, and saw 2 of its levels.

You collected 113 gold pieces.

Inventory:

Missiles
 g - 6 poisoned needles
 r - 2 javelins (quivered)
Armour
 j - a +1 ring mail of magic resistance
 o - a +0 animal skin (worn)
 p - a +0 helmet (worn)
Jewellery
 e - a +4 ring of dexterity (left claw)
Wands
 n - a wand of heal wounds (6/9)
Scrolls
 h - a scroll of amnesia {unknown}
 i - 2 scrolls of random uselessness {unknown}
 k - 3 scrolls of identify {unknown}
 l - a scroll of teleportation {unknown}
 m - a scroll of noise {unknown}
Potions
 a - 2 potions of brilliance {unknown}
 f - a potion of haste {unknown}
 q - a potion of resistance {unknown}
 s - 2 potions of flight {unknown}
 t - a potion of berserk rage {unknown}
Books
 b - a Young Poisoner's Handbook

   Spells                             Type                      Level
   a - Sting                          Conjuration/Poison           1
   b - Mephitic Cloud                 Conjuration/Poison/Air       3
   c - Olgreb's Toxic Radiance        Poison                       4
   d - Alistair's Intoxication        Transmutation/Poison         5
   e - Venom Bolt                     Conjuration/Poison           5
Comestibles
 c - a meat ration


   Skills:
 - Level 1.7 Dodging
 - Level 2.1 Stealth
 + Level 0.7 Unarmed Combat
 + Level 2.4 Spellcasting
 + Level 1.3 Conjurations
 * Level 4.9 Poison Magic


You had 3 spell levels left.
You knew the following spells:

 Your Spells              Type           Power        Failure   Level  Hunger
a - Sting                 Conj/Pois      #...         10%         1    ##.....
d - Mephitic Cloud        Conj/Pois/Air  #.......     38%         3    ####...


Dungeon Overview and Level Annotations

Branches:
Dungeon (2/15)

Altars:
Fedhas

Annotations:
D:2 Sigmund


Innate Abilities, Weirdness & Mutations

Your body is rotting away.
You thrive on raw meat.
You are immune to poison.
You have sharp fingernails.
You are carnivorous and can eat meat at any time.
Your flesh is cold resistant. (rC+)
You are immune to negative energy. (rN+++)
You regenerate slowly when monsters are visible.
You are immune to unholy pain and torment.
You can survive without breathing.


Message History

Sigmund is severely wounded.
Sigmund casts a spell at you. The magic dart hits you!
Unknown command.
Casting: Sting
Confirm with . or Enter, or press ? or * to list all spells.
Aiming: Sting
Press: ? - help, Shift-Dir - straight line, f/p - Sigmund
Aim: Sigmund, wielding a scythe and wearing a robe (severely wounded)
The sting hits Sigmund.
Sigmund is poisoned.
Sigmund is almost dead.
Sigmund barely misses you.
Unknown command.
You scratch Sigmund.
Sigmund is almost dead.
You scratch Sigmund but do no damage.
Sigmund is almost dead.
Sigmund casts a spell at you. The puff of flame hits you!
You die...

#.........#### #. #.######.....#
#. #.######.....# #.
#............# #. ####
########.....# #. ...#
#.....###. ##.###########
##........
#...........############...#####
##..######....g@@.[<........#
(.......##.#.#############..#
##..###.##.#.# ##...## #..#
.........#{#.###.###.#####..#
###..##....#........[...##..#
#..##.####.###.#.#..#.##..#####
#..........####...#.#.##....)..
##.######...........#.##.#####.
####.# #..#####.#..#.##)# #.


You could see Sigmund and a hobgoblin.

Vanquished Creatures
  Robin (D:1)
  2 adders (D:2)
  2 worms (D:2)
  A dart slug (D:2)
  2 leopard geckos (D:2)
  3 ball pythons
  3 bats
  11 hobgoblins
  3 frilled lizards
  13 goblins
  3 kobolds (D:1)
  2 rats (D:1)
46 creatures vanquished.

Notes
Turn   | Place    | Note
-------+----------+-------------------------------------------
     0 | D:1      | mopl the Ghoul Venom Mage began the quest for the Orb.
     0 | D:1      | Reached XP level 1. HP: 14/14 MP: 2/2
    93 | D:1      | Reached XP level 2. HP: 8/20 MP: 1/3
   436 | D:1      | Reached skill level 2 in Spellcasting
   471 | D:2      | Noticed Sigmund
   587 | D:2      | Reached XP level 3. HP: 8/26 MP: 2/5
   611 | D:2      | Learned a level 3 spell: Mephitic Cloud
   688 | D:2      | Noticed Robin
  1245 | D:1      | Killed Robin
  1337 | D:2      | Reached skill level 1 in Conjurations
  1337 | D:2      | Reached XP level 4. HP: 11/33 MP: 2/6
  1432 | D:2      | Found a blossoming altar of Fedhas.
  2226 | D:2      | Killed from afar by Sigmund

Vault maps used:
D:1:      grunt_arrival_crossed_arrows
D:2:      first_bread, fedhas_altar_1, uniq_robin, uniq_sigmund

Skill      XL: |  1  2  3 |
---------------+----------+-----
Spellcasting   | 2 |  2.4
Conjurations   | 1 |  1.3
Dodging        | |  1.7
Stealth        | |  2.1
Unarmed Combat | |  0.7
Poison Magic   | |  4.9

Action                   |  1- 3 |  4- 6 || total
-------------------------+-------+-------++-------
Melee: Unarmed           |   123 |    65 ||   188
 Cast: Sting             |    35 |    21 ||    56
       Mephitic Cloud    |       |     2 ||     2
 Stab: Sleeping          |     1 |       ||     1
       Confused          |       |     1 ||     1
  Eat: Chunk             |    18 |    14 ||    32
Armor: Robe              |    14 |       ||    14
       Animal skin       |     5 |    11 ||    16
Dodge: Dodged            |    91 |    46 ||   137
